 Dungeon Crawl Stone Soup version 0.22-a0-782-g038298e (webtiles) character file.

14106 sking99 the Unseen (level 11, -7/47 HPs)
             Began as a Spriggan Enchanter on July 20, 2018.
             Was an Initiate of Gozag.
             Killed from afar by a rime drake (25 damage)
             ... with a flash freeze
             ... in an ice cave.
             The game lasted 00:42:59 (16733 turns).

sking99 the Unseen (Spriggan Enchanter)            Turns: 16733, Time: 00:43:00

Health: -7/47      AC:  3    Str:  4    XL:     11   Next: 84%
Magic:  12/18      EV: 20    Int: 19    God:    Gozag
Gold:   1731       SH:  8    Dex: 18    Spells: 7/18 levels left

rFire    x . .     SeeInvis +   a - +2 dagger (elec)
rCold    + . .     Gourm    .   g - +0 buckler
rNeg     . . .     Faith    .   y - +0 robe of Dogmatism {rElec} (curse)
rPois    .         Spirit   .   b - +1 hat {MR+}
rElec    +         Reflect  .   (no cloak)
rCorr    .         Harm     .   (gloves unavailable)
MR       ++...                  (boots unavailable)
Stlth    +++++++...             (no amulet)
HPRegen  0.15/turn              C - ring of ice
MPRegen  0.16/turn              q - +6 ring of slaying

@: gold aura, very quick
A: very small, unfitting armour, see invisible, herbivore, speed 3, slow
metabolism 2
a: Potion Petition, Call Merchant, Bribe Branch, Renounce Religion


You were in an ice cave.
You worshipped Gozag.
Gozag was most pleased with you.
You were not hungry.

You visited 2 branches of the dungeon, and saw 12 of its levels.
You also visited: Ice Cave.

You collected 1933 gold pieces.
You spent 142 gold pieces at shops.
You paid 60 gold pieces to Gozag.

Inventory:

Hand Weapons
 a - a +2 dagger of electrocution (weapon)
Armour
 b - a +1 hat of magic resistance (worn)
 g - a +0 buckler (worn)
 y - the cursed +0 robe of Dogmatism (worn) {rElec}
   (You found it on level 7 of the Dungeon)

   It insulates you from electricity.
   It has a curse placed upon it.
Jewellery
 c - an uncursed ring of protection from fire
 f - an uncursed ring of flight
 q - a +6 ring of slaying (right hand)
 r - an uncursed ring of wizardry
 C - a ring of ice (left hand)
Wands
 i - a wand of iceblast (25)
 j - a wand of random effects (21)
 u - a wand of polymorph (12)
 D - a wand of acid (10)
 G - a wand of clouds (6)
Scrolls
 p - 9 scrolls of remove curse
 t - 2 scrolls of fog
 w - 3 scrolls of enchant armour
 x - a scroll of enchant weapon
 H - a scroll of vulnerability {unknown}
 I - a scroll of acquirement {unknown}
 J - a scroll of amnesia
Potions
 e - 2 potions of agility
 h - 3 potions of heal wounds
 k - 4 potions of haste
 l - a potion of degeneration
 m - a potion of magic
 n - a potion of ambrosia
 o - a potion of cancellation {unknown}
 s - a potion of resistance
 v - 3 potions of curing
 z - 2 potions of might
 A - a potion of brilliance {unknown}
 E - 2 potions of flight
 F - a potion of mutation
Miscellaneous
 B - a phial of floods
Comestibles
 d - 7 rations


   Skills:
 + Level 9.9 Short Blades
 - Level 4.3 Dodging
 * Level 17.4 Stealth
 - Level 6.7 Shields
 - Level 4.0 Spellcasting
 + Level 10.2 Hexes


You had 7 spell levels left.
You knew the following spells:

 Your Spells              Type           Power        Failure   Level  Hunger
b - Ensorcelled Hibernat  Hex/Ice        ####..       2%          2    ##.....
c - Confuse               Hex            #####...     1%          3    ###....
d - Tukima's Dance        Hex            #####...     1%          3    ###....
e - Dazzling Spray        Conj/Hex       ###...       4%          3    ###....

Your spell library contained the following spells:

 Spells                   Type           Power        Failure   Level  Hunger
 Fireball                 Conj/Fire      #.........   98%         5    ######.
 Conjure Flame            Conj/Fire      #.......     38%         3    ###....
 Ring of Flames           Chrm/Fire      #.........   100%        7    #######
 Stone Arrow              Conj/Erth      #.....       38%         3    ###....
 Swiftness                Chrm/Air       #.......     21%         2    ##.....
 Airstrike                Air            #.........   80%         4    ####...
 Shatter                  Erth           #.........   100%        9    #######
 Corona                   Hex            #####..      1%          1    None
 Shroud of Golubria       Chrm/Tloc      #.........   21%         2    ##.....
 Iskenderun's Battlesphe  Conj/Chrm      #.......     98%         5    ######.


Dungeon Overview and Level Annotations

Branches:
Dungeon (11/15)            Temple (1/1) D:4            Lair (0/6) D:10
    Orc: D:9-12

Altars:
Ashenzari
Cheibriados
Dithmenos
Elyvilon
Fedhas
Gozag
Hepliaklqana
Kikubaaqudgha
Makhleb
Nemelex Xobeh
Okawaru
Qazlal
Ru
Sif Muna
Trog
Uskayaw
Vehumet
Wu Jian
Xom
Yredelemnul
Zin
The Shining One

Shops:
D:9 %   D:10 [

Annotations:
D:3 1 runed door, Hebeh's ghost, amateur DECj
D:8 1 runed door, zard0z's ghost, novice DEFE


Innate Abilities, Weirdness & Mutations

You are very small and have problems with some larger weapons.
You are too small for most types of armour.
You have supernaturally acute eyesight. (SInv)
You are a herbivore.
You cover ground extremely quickly.
You need to consume almost no food.


Message History

The polar bear growls angrily.
The rime drake bites you. The polar bear bites you!
You block the polar bear's attack. The polar bear completely misses you.
Casting: Dazzling Spray (safe; 4% risk of failure)
Confirm with . or Enter, or press ? or * to list all spells.
Aiming: Dazzling Spray (safe; 4% risk of failure)
Press: ? - help, Shift-Dir - straight line, f/p - polar bear
Aim: a polar bear (lightly wounded)
The spray of energy hits the polar bear.
The polar bear is lightly wounded.
The spray of energy hits the rime drake.
The rime drake is moderately wounded.
The rime drake is dazzled.
The rime drake bites you. The polar bear barely misses you.
The polar bear misses you. The polar bear claws you.
The rime drake breathes ice at you. The flash freeze hits you!
You partially resist.
Ouch! That really hurt!
You die...
Your body crumbles into a pile of gold.

..##### .....∩##
#......# ###....#
.###.#∩# ..####### ###
..## ##.## ##.##
#..###.).# ###...##
##......## #.#.#@h##
#....#..###...##k.#
##.####.#..#.###.#h..#
#######.#.#.## ##.
...# #.##.##..# #.##
#. ..# .##.....## #..#
.# ..# #......##.##.##
# .# .#..#### #.#.# $
. ##.## ###...# $


You could see 2 polar bears and a rime drake (blind).

Vanquished Creatures
  The ghost of Verendum the Arsonist, a journeyman DrFE of Vehumet (D:10)
  A hydra (D:8)
  A centaur warrior (D:9)
  2 two-headed ogres
  Pikel (D:7)
  An ice statue (IceCv)
  A spectral centaur (D:10)
  2 centaur zombies (D:10)
  5 polar bears (IceCv)
  A hippogriff (D:9)
  2 dream sheep (D:8)
  A centaur simulacrum (D:10)
  14 yaks
  A hungry ghost (D:9)
  3 orc warriors
  3 sky beasts
  10 wolves (IceCv)
  3 ice beasts
  2 phantoms
  An ogre (D:6)
  4 centaurs
  5 big kobolds
  4 bullfrogs
  A wyvern zombie (D:7)
  10 killer bees
  10 wights
  3 scorpions
  A howler monkey (D:9)
  2 bullfrog zombies
  6 hounds
  6 orc priests
  2 jellies (D:8)
  Terence (D:2)
  3 iguanas
  Natasha (thrice) (D:2)
  5 orc wizards
  3 worker ants
  A killer bee zombie (D:8)
  A hound skeleton (D:8)
  A worker ant zombie (D:8)
  7 gnolls
  A howler monkey skeleton (D:9)
  13 adders
  4 shadow imps
  2 oozes
  An adder zombie (D:5)
  2 adder skeletons
  2 worms
  4 dart slugs
  9 leopard geckos
  26 orcs
  A ball python (D:3)
  6 bats
  2 giant cockroaches
  4 hobgoblins
  A jackal (D:7)
  A quokka (D:9)
  7 frilled lizards
  4 goblins
  12 kobolds
  2 leopard gecko skeletons
  8 rats
247 creatures vanquished.

Vanquished Creatures (others)
  A death yak (IceCv)
  4 polar bears (IceCv)
  4 yaks (IceCv)
  An ice beast (D:7)
  An orc priest (D:7)
  An iguana (D:7)
  An orc (D:7)
  A jackal (D:7)
  A quokka (D:7)
  A fungus (D:8)
  4 plants (D:8)
20 creatures vanquished.

Grand Total: 267 creatures vanquished

Notes
Turn   | Place    | Note
-------+----------+-------------------------------------------
     0 | D:1      | sking99 the Spriggan Enchanter began the quest for the Orb.
     0 | D:1      | Reached XP level 1. HP: 9/9 MP: 5/5
   434 | D:1      | Reached XP level 2. HP: 13/13 MP: 6/6
   438 | D:1      | Learned a level 2 spell: Ensorcelled Hibernation
  1143 | D:2      | Noticed Natasha
  1219 | D:2      | Killed Natasha
  1219 | D:2      | Reached skill level 5 in Stealth
  1219 | D:2      | Reached XP level 3. HP: 16/16 MP: 8/8
  1415 | D:1      | Learned a level 3 spell: Confuse
  1425 | D:2      | Reached XP level 4. HP: 21/21 MP: 5/10
  1456 | D:2      | Noticed Natasha
  1464 | D:2      | Killed Natasha
  1836 | D:2      | Noticed Natasha
  2165 | D:2      | Killed Natasha
  2165 | D:2      | Reached XP level 5. HP: 17/24 MP: 6/11
  2338 | D:2      | Reached skill level 6 in Stealth
  2356 | D:2      | Noticed a centaur
  2363 | D:2      | Killed a centaur
  2363 | D:2      | Reached skill level 5 in Hexes
  2496 | D:2      | Found a glowing golden altar of the Shining One.
  2728 | D:2      | Noticed Terence
  2739 | D:2      | Killed Terence
  2739 | D:2      | Reached XP level 6. HP: 28/28 MP: 9/13
  2995 | D:3      | Found a white marble altar of Elyvilon.
  3000 | D:3      | Learned a level 3 spell: Tukima's Dance
  3004 | D:3      | Learned a level 3 spell: Dazzling Spray
  3072 | D:3      | Found a hazy altar of Hepliaklqana.
  3237 | D:3      | Found a runed door.
  3237 | D:3      | Noticed Hebeh's ghost (amateur DECj)
  4335 | D:4      | Found a blossoming altar of Fedhas.
  4451 | D:4      | Reached skill level 7 in Stealth
  4587 | D:4      | Found a staircase to the Ecumenical Temple.
  4593 | Temple   | Entered the Ecumenical Temple
  4744 | Temple   | Became a worshipper of Gozag Ym Sagoz the Greedy
  5127 | D:5      | Entered Level 5 of the Dungeon
  5478 | D:5      | Noticed a sky beast
  5484 | D:5      | Killed a sky beast
  5484 | D:5      | Reached skill level 1 in Shields
  5484 | D:5      | Reached XP level 7. HP: 32/32 MP: 11/14
  5820 | D:5      | Found a glowing silver altar of Zin.
  5820 | D:5      | Found a sacrificial altar of Ru.
  6564 | D:6      | Got a shimmering robe
  6565 | D:6      | Identified the +1 robe "Faekixt" {-Cast +Blink rN+} (You found it on level 6 of the Dungeon)
  6594 | D:6      | Reached skill level 8 in Stealth
  6783 | D:6      | Reached XP level 8. HP: 36/36 MP: 12/15
  7139 | D:6      | Reached skill level 5 in Short Blades
  7495 | D:7      | Reached skill level 9 in Stealth
  7725 | D:7      | Identified the cursed +0 robe of Dogmatism {rElec} (You found it on level 7 of the Dungeon)
  7739 | D:7      | Noticed Pikel
  7754 | D:7      | Killed Pikel
  7754 | D:7      | Reached skill level 10 in Stealth
  7855 | D:7      | Reached XP level 9. HP: 39/39 MP: 9/16
  8285 | D:7      | Identified the Incunabulum of Ashen Heat
  8502 | D:7      | Found a shimmering altar of Xom.
  9020 | D:8      | Reached skill level 11 in Stealth
  9408 | D:8      | Noticed zard0z's ghost (novice DEFE)
  9408 | D:8      | Noticed a polar bear
  9409 | D:8      | Found a runed door.
  9768 | D:8      | Reached skill level 5 in Shields
  9779 | D:8      | Reached skill level 12 in Stealth
 10157 | D:8      | Noticed a two-headed ogre
 10164 | D:8      | Killed a two-headed ogre
 10164 | D:8      | Reached XP level 10. HP: 44/44 MP: 17/17
 10317 | D:8      | Reached skill level 13 in Stealth
 10426 | D:8      | Noticed a two-headed hydra
 10429 | D:8      | Killed a two-headed hydra
 11472 | D:9      | Found Ydimm's Food Shoppe.
 11643 | D:9      | Reached skill level 14 in Stealth
 11775 | D:9      | Found a bloodstained altar of Trog.
 12339 | D:9      | Noticed a two-headed ogre
 12346 | D:9      | Killed a two-headed ogre
 12378 | D:9      | Noticed a centaur warrior
 12383 | D:9      | Killed a centaur warrior
 12383 | D:9      | Reached skill level 15 in Stealth
 12512 | D:9      | Reached XP level 11. HP: 47/47 MP: 15/18
 12810 | D:10     | Entered Level 10 of the Dungeon
 12810 | D:10     | Found a runed gate.
 12810 | D:10     | Found a runed gate.
 12810 | D:10     | Found a runed gate.
 13074 | D:10     | Found a staircase to the Lair.
 13309 | D:10     | Found Ixti's Antique Armour Shop.
 13312 | D:10     | Bought a brightly glowing robe for 142 gold pieces
 13312 | D:10     | Identified the +2 robe of Deyges {rN+ Str+2} (You bought it in a shop on level 10 of the Dungeon)
 13683 | D:10     | Noticed Verendum's ghost (journeyman DrFE)
 13967 | D:10     | Identified the Incunabulum of Good Luck and Weightlessness
 14014 | D:10     | Killed Verendum's ghost
 14014 | D:10     | Reached skill level 16 in Stealth
 14235 | D:10     | Found a staircase to the Lair.
 14337 | D:10     | Found Ixti's Antique Armour Shop.
 14884 | D:11     | Found a frozen archway.
 14895 | IceCv    | Entered an ice cave
 15922 | IceCv    | Killed a death yak
 16333 | IceCv    | Reached skill level 17 in Stealth
 16335 | IceCv    | Reached skill level 10 in Hexes
 16733 | IceCv    | Killed from afar by a rime drake

Vault maps used:
D:1:      minmay_arrival_jagged, st_stairs_13
D:2:      minivault_14, fountainhead, nicolae_tso_swordbearing_angel,
          uniq_terence, uniq_natasha
D:3:      overflow_temple_1_default, elyvilon_altar_3,
          hellmonk_ghost_happy_afterlife, saegor_snake_ambush
D:4:      minmay_temple_entry_enclosed_plants, serial_forest,
          infiniplex_forest_clump_long, infiniplex_forest_lined_1,
          infiniplex_forest_straight_4, infiniplex_forest_clump_curved,
          infiniplex_forest_lined_1, first_ration, fedhas_altar_4
D:5:      gammafunk_temple_overflow_pools
D:6:      st_stairs_1
D:7:      kennysheep_mini_moat, uniq_pikel
D:8:      ebering_ghost_funeral_grove, hangedman_ranch
D:9:      kennysheep_little_box, serial_shops, nicolae_shop_behind_doors
D:10:     dpeg_oklobed_lair, serial_shops, kennysheep_mini,
          gammafunk_ghost_necromancy
D:11:     portal_ice_cave_entry_pillars_2, hangedman_decor_push
Temple:   eino_temple_rhombus
IceCv:    ice_cave_caverns_03

Skill      XL: |  1  2  3  4  5  6  7  8  9 10 11 |
---------------+----------------------------------+-----
Spellcasting   | 3 4 |  4.0
Hexes          | 4 5 6 7 8 10 | 10.2
Short Blades   | 2 3 4 5 7 8 9 |  9.9
Stealth        | 5 6 7 8 10 12 15 17 | 17.4
Dodging        | 4 |  4.3
Shields        | 1 2 4 5 6 |  6.7

Action                   |  1- 3 |  4- 6 |  7- 9 | 10-12 || total
-------------------------+-------+-------+-------+-------++-------
Melee: Dagger            |    58 |    95 |   119 |   328 ||   600
 Cast: Corona            |     4 |     2 |       |       ||     6
       Ensorcelled Hiber |     8 |    72 |    68 |    73 ||   221
       Confuse           |     1 |     5 |    14 |    35 ||    55
       Dazzling Spray    |       |       |     6 |    17 ||    23
  Use: Scroll            |       |    18 |     5 |     6 ||    29
 Stab: Sleeping          |    16 |    49 |    56 |    54 ||   175
       Confused          |     1 |     4 |     8 |    18 ||    31
       Distracted        |       |       |     2 |     1 ||     3
       Invisible         |       |       |     1 |     3 ||     4
  Eat: Ration            |       |     3 |     4 |     7 ||    14
Armor: Robe              |     4 |     6 |     6 |     9 ||    25
Dodge: Dodged            |    35 |    65 |    64 |   134 ||   298
Block: Buckler           |       |     2 |    23 |    77 ||   102

Table legend:
 A = Spawn XP
 B = Non-spawn XP
 C = Spawn XP percentage of total XP
 D = Spawn monster count
 E = Non-spawn monster count
 F = Spawn count percentage of total count
 G = Total turns spent on level
                    A         B        C        D         E        F      G
               +---------+---------+-------+---------+---------+-------+---------
         Total |       0 |   20152 |   0.0 |       0 |     247 |   0.0 | 16733
               +---------+---------+-------+---------+---------+-------+---------
           D:1 |       0 |      26 |   0.0 |       0 |      17 |   0.0 |  1257
           D:2 |       0 |     389 |   0.0 |       0 |      29 |   0.0 |  1683
           D:3 |       0 |      84 |   0.0 |       0 |      20 |   0.0 |  1124
           D:4 |       0 |     138 |   0.0 |       0 |       8 |   0.0 |   996
           D:5 |       0 |     361 |   0.0 |       0 |      11 |   0.0 |  1284
           D:6 |       0 |     560 |   0.0 |       0 |       9 |   0.0 |   717
           D:7 |       0 |    1657 |   0.0 |       0 |      31 |   0.0 |  1565
           D:8 |       0 |    4504 |   0.0 |       0 |      41 |   0.0 |  2625
           D:9 |       0 |    4560 |   0.0 |       0 |      41 |   0.0 |  1391
          D:10 |       0 |    3421 |   0.0 |       0 |      17 |   0.0 |  2046
         IceCv |       0 |    4452 |   0.0 |       0 |      23 |   0.0 |  1838
               +---------+---------+-------+---------+---------+-------+---------
